 Dungeon Crawl Stone Soup version 0.28-a0-1560-g060a6a1bfc (webtiles) character file.

Game seed: 15343995538500015157

36143 Essalna the Geomancer (level 13, -2/63 (64) HPs)
             Began as a Gargoyle Earth Elementalist on Jan 19, 2022.
             Was a High Priest of Hepliaklqana.
             Slain by a spatial maelstrom (4 damage)
             ... on level 2 of the Abyss.
             The game lasted 01:01:12 (20060 turns).

Essalna the Geomancer (GrEE)                       Turns: 20060, Time: 01:01:12

HP:   -2/63 (64)    AC: 25    Str: 14    XL:     13   Next: 88%
MP:   27/27         EV: 11    Int: 27    God:    Hepliaklqana [*****.]
Gold: 1725          SH:  4    Dex:  6    Spells: 16/33 levels left

rFire   . . .      SeeInvis .   P - +9 hand crossbow "Citacon" {venom, rPois Str+2 Int+6}
rCold   . . .      Faith    .   H - +0 buckler
rNeg    + . .      Spirit   .   M - +0 troll leather armour
rPois   ∞          Reflect  .   (no helmet)
rElec   +          Harm     .   e - +0 cloak
rCorr   .          Rampage  .   o - +1 pair of gloves
Will    .....                   j - +2 pair of boots
Stlth   +.........              B - amulet of magic regeneration
HPRegen 1.00/turn               D - +4 ring of protection
MPRegen 0.60/turn               (no ring)

@: about to teleport, studying Ice Magic, lightly drained
A: reduced essence, sickness immunity, AC +9, negative energy resistance 1,
electricity resistance, torment resistance 1, petrification resistance, [clumsy
2]
a: Renounce Religion, Recall Ancestor, Ancestor Identity, Transference, Idealise


You were on level 2 of the Abyss.
You worshipped Hepliaklqana.
Hepliaklqana was extremely pleased with you.
You visited 2 branches of the dungeon, and saw 16 of its levels.
You visited the Abyss 1 time.
You also visited: Sewer and Bailey.

You collected 1725 gold pieces.

Inventory:

Hand Weapons
 n - a +5 flail of chaos
 P - the +9 hand crossbow "Citacon" (weapon) {venom, rPois Str+2 Int+6}
   (You found it on level 11 of the Dungeon)

   Any ammunition fired from it poisons the flesh of those it strikes.
   Str:       It affects your strength (+2).
   Int:       It affects your intelligence (+6).
   rPois:     It protects you from poison.
Missiles
 i - 347 stones
 I - a throwing net
Armour
 b - a +0 robe
 c - a +2 robe of willpower
 e - a +0 cloak (worn)
 j - a +2 pair of boots (worn)
 o - a +1 pair of gloves (worn)
 G - a +0 robe of cold resistance
 H - a +0 buckler (worn)
 M - a +0 troll leather armour (worn)
Magical Staves
 f - a staff of death
Jewellery
 l - a ring of resist corrosion
 B - an amulet of magic regeneration (around neck)
 D - a +4 ring of protection (left hand)
 J - an amulet of reflection
 L - the ring "Jutti" {*Corrode rPois EV+4 Str+3 SInv}
   (You found it on level 10 of the Dungeon)

   [ring of evasion]

   EV:        It affects your evasion (+4).
   Str:       It affects your strength (+3).
   rPois:     It protects you from poison.
   SInv:      It lets you see invisible.
   *Corrode:  It may corrode you when you take damage.
Wands
 g - a wand of charming (10)
 s - a wand of acid (23)
 C - a wand of digging (1)
 E - a wand of iceblast (10)
 K - a wand of flame (27)
Scrolls
 a - 5 scrolls of teleportation
 d - 14 scrolls of identify
 h - 3 scrolls of vulnerability
 r - 2 scrolls of blinking
 v - 2 scrolls of summoning
 w - a scroll of enchant weapon
 x - 3 scrolls of fog
 y - 2 scrolls of holy word
 F - a scroll of brand weapon
 Q - a scroll of amnesia
Potions
 k - 3 potions of curing
 m - 2 potions of lignification {unknown}
 p - a potion of invisibility {unknown}
 q - a potion of resistance {unknown}
 t - 4 potions of ambrosia {unknown}
 u - 3 potions of brilliance {unknown}
 z - 3 potions of flight {unknown}
 A - a potion of magic {unknown}
 N - a potion of degeneration {unknown}
 O - a potion of cancellation {unknown}


   Skills:
 + Level 4.9 Fighting
 + Level 4.9 Armour
 + Level 4.1 Dodging
 - Level 2.1 Stealth
 - Level 4.0 Shields
 + Level 10.8 Spellcasting
 + Level 11.9 Conjurations
 - Level 0.7 Transmutations
 + Level 8.3 Fire Magic
 + Level 8.0 Ice Magic
 + Level 14.0 Earth Magic


You had 16 spell levels left.
You knew the following spells:

 Your Spells              Type           Power      Damage    Failure   Level
a - Sandblast             Erth           100%       2d20      1%          1
b - Passwall              Tmut/Erth      44%        N/A       1%          2
c - Stone Arrow           Conj/Erth      100%       3d13      1%          3
d - Starburst             Conj/Fire      31%        6d9       16%         6
e - Freezing Cloud        Conj/Ice/Air   25%        6-21      12%         5

Your spell library contained the following spells:

 Spells                   Type           Power      Damage    Failure   Level
 Magic Dart               Conj           100%       1d8       1%          1
 Shock                    Conj/Air       100%       1d9       1%          1
 Conjure Flame            Conj/Fire      62%        6-21      1%          3
 Flame Wave               Conj/Fire      62%        2d10      1%          4
 Iskenderun's Battlesphe  Conj           68%        2d12      1%          5
 Inner Flame              Hex/Fire       37%        N/A       3%          3
 Mephitic Cloud           Conj/Pois/Air  36%        N/A       3%          3
 Petrify                  Tmut/Erth      53%        N/A       3%          4
 Beastly Appendage        Tmut           36%        N/A       4%          1
 Iron Shot                Conj/Erth      35%        9d7       4%          6
 Ignite Poison            Fire/Tmut/Pois 30%        N/A       5%          3
 Animate Skeleton         Necr           28%        N/A       6%          1
 Apportation              Tloc           28%        N/A       6%          1
 Summon Small Mammal      Summ           56%        N/A       6%          1
 Wereblood                Tmut           18%        N/A       7%          2
 Spider Form              Tmut/Pois      16%        N/A       17%         3
 Spellforged Servitor     Conj/Summ      23%        N/A       99%         7
 Summon Hydra             Summ           7%         N/A       100%        7
 Fire Storm               Conj/Fire      31%        8d8       100%        9
 Sublimation of Blood     Necr           Unusable   N/A       N/A         2

Dungeon Overview and Level Annotations

Branches:
Dungeon (14/15)            Temple (0/1) D:7            Lair (0/6) D:9
    Orc (2/2) D:12            Elf (0/3) Orc:2         Sewer (visited)
 Bailey (visited)
 Vaults: D:13-14

Altars:
Ashenzari
Cheibriados
Dithmenos
Gozag
Hepliaklqana
Kikubaaqudgha
Makhleb
Nemelex Xobeh
Qazlal
Sif Muna
Uskayaw
Vehumet
Xom
Yredelemnul
The Shining One
Beogh

Shops:
D:9 =   D:13 [!([   D:14 :   Orc:2 :!:(=[*


Innate Abilities, Weirdness & Mutations

Your life essence is reduced to manifest your ancestor. (-10% HP)
You are immune to sickness and miasma.
Your stone body is resilient. (AC +9)
You are immune to poison.
You resist negative energy. (rN+)
You are resistant to electric shocks. (rElec)
You are resistant to unholy torment.
You are immune to petrification.
[You are very clumsy. (Dex -4)]


Message History

A chaos spawn comes into view.
A spatial vortex comes into view.
Paullus closely misses the chaos spawn.
The ufetubus closely misses you. x2
The spatial maelstrom hits you! Space warps horribly around you!
You block the spatial maelstrom's attack.
The ufetubus closely misses you. x2
You block the ufetubus's attack.
The ufetubus hits you but does no damage.
The spatial maelstrom closely misses you.
The spatial maelstrom hits you but does no damage.
Paullus hits the spatial maelstrom with a +0 flail!
Paullus misses the chaos spawn.
A raiju comes into view.
You block the ufetubus's attack. The ufetubus barely misses you.
You block the spatial maelstrom's attack.
The spatial maelstrom hits you.
You blink.
The ufetubus hits you but does no damage. x2
The chaos spawn hits you. The chaos spawn shocks you. You resist.
A spatial vortex comes into view.
The spatial maelstrom hits you but does no damage.
The spatial maelstrom barely misses you.
The spatial vortex barely misses you.
A spatial vortex comes into view.
A spatial vortex comes into view.
The spatial maelstrom hits you but does no damage.
The spatial maelstrom closely misses you.
Paullus hits the chaos spawn with a +0 flail!
As you read the scroll of teleportation, it crumbles to dust.
You feel strangely unstable.
You feel the power of the Abyss delaying your translocation!
The spatial maelstrom hits you but does no damage.
The spatial maelstrom hits you! Space warps horribly around you!!
* * * LOW HITPOINT WARNING * * *
The raiju bursts into living lightning!
The living lightning hits the spatial maelstrom!
The spatial maelstrom resists.
The living lightning misses you.
The raiju blinks! x3
The spatial maelstrom hits you but does no damage.
The spatial maelstrom hits you.
You die...

.# ## ## # #. #
##...# .#
###..#### # #.
#.#§.##.###..#.
.##..§4.v.v..#...
#.##h#...####..#v
#.#v4#h......##..
#@.#.#..#.#.....
.###..v##.#....##
# .....####..#..
.....#.#.. >. ##
#.##.##.#.#..#..
#. #.. .##### .#
..


You could see a spatial maelstrom, a spatial vortex (wandering), a raiju and 2
chaos spawn.

Vanquished Creatures
  A tentacled starspawn (Abyss:2)
  Donald (Orc:2)
  2 boulder beetles
  Erolcha (Orc:2)
  3 centaur warriors (D:13)
  3 two-headed ogres
  An orc high priest (Bailey)
  A fenstrider witch simulacrum (Abyss:2)
  An ugly thing (D:13)
  2 orc knights (Bailey)
  10 orc sorcerers
  A wizard (D:14)
  A cyclops (D:14)
  An apocalypse crab (Abyss:2)
  A gargoyle (D:12)
  4 molten gargoyles (D:10)
  An unseen horror (D:6)
  A yaktaur (D:14)
  An ancient zyme (Abyss:2)
  5 trolls
  Grinder (D:3)
  5 slime creatures
  3 large abominations (Abyss:2)
  2 starcursed masses (Abyss:2)
  A wyvern (D:8)
  3 wraiths
  21 yaks
  A steam dragon (D:10)
  8 humans (D:14)
  A vampire mosquito (D:12)
  3 wargs
  A water moccasin (D:8)
  A sky beast (D:7)
  An ice beast (D:7)
  A black bear (D:5)
  15 orc warriors
  9 ogres
  2 necrophages
  4 centaurs
  A phantom (D:4)
  2 kobold brigands
  3 bullfrogs
  A gnoll sergeant (D:7)
  6 scorpions
  2 small abominations (Abyss:2)
  15 killer bees
  18 wights
  2 howler monkeys (D:14)
  6 electric eels (Bailey)
  8 centaur zombies
  A human zombie (D:10)
  5 hounds
  7 orc priests
  A jelly (D:6)
  An iguana (D:5)
  Ijyb (D:4)
  24 orc wizards
  2 mummies (D:10)
  4 howler monkey zombies
  17 gnolls
  8 adders
  A shadow imp (D:7)
  3 white imps (D:7)
  An ufetubus (Abyss:2)
  4 worms
  5 dart slugs
  61 orcs
  15 ball pythons
  21 endoplasms
  20 giant cockroaches
  13 goblins
  12 hobgoblins
  11 kobolds
  13 quokkas
  A bat (D:3)
  8 frilled lizards (Sewer)
  4 rats
  2 starspawn tentacles (Abyss:2)
455 creatures vanquished.

Vanquished Creatures (collateral kills)
  Nergalle (D:10)
  2 orc sorcerers
  An ugly thing (D:10)
  4 slime creatures
  2 smoke demons (Abyss:2)
  A troll (D:10)
  2 yaks (D:10)
  7 humans (D:14)
  A wyvern (D:9)
  A vampire mosquito (D:12)
  A wyvern zombie (D:6)
  A killer bee (D:11)
  An orc priest (D:12)
  9 orc wizards
  4 gnolls
  An orc (D:9)
  A goblin (Bailey)
  A hobgoblin (Bailey)
  A kobold (D:6)
42 creatures vanquished.

Vanquished Creatures (others)
  5 knights
  6 ancestors
  2 fungi (D:3)
  5 plants (D:3)
  A starspawn tentacle (Abyss:2)
19 creatures vanquished.

Grand Total: 516 creatures vanquished

Notes
Turn   | Place    | Note
-------+----------+-------------------------------------------
     0 | D:1      | Essalna the Gargoyle Earth Elementalist began the quest for
                  | the Orb.
     0 | D:1      | Reached XP level 1. HP: 10/10 MP: 3/3
   314 | D:1      | Reached XP level 2. HP: 15/15 MP: 1/5
   362 | D:1      | Reached skill level 4 in Earth Magic
  1069 | D:2      | Reached XP level 3. HP: 19/19 MP: 2/6
  1246 | D:2      | Found a hide-covered altar of Uskayaw.
  1664 | D:2      | Reached XP level 4. HP: 24/24 MP: 4/8
  1737 | D:2      | Reached skill level 5 in Earth Magic
  2113 | D:3      | Reached XP level 5. HP: 22/28 MP: 7/10
  2283 | D:3      | Found a glowing drain.
  2341 | Sewer    | Entered a sewer
  2634 | Sewer    | Learned a level 2 spell: Passwall
  2638 | Sewer    | Learned a level 3 spell: Stone Arrow
  2819 | Sewer    | Reached skill level 6 in Earth Magic
  2891 | Sewer    | Reached skill level 1 in Conjurations
  2891 | Sewer    | Reached XP level 6. HP: 32/32 MP: 7/12
  4177 | D:3      | Reached XP level 7. HP: 36/36 MP: 9/13
  4348 | D:3      | Found a faded altar of an unknown god.
  4359 | D:3      | Got Plato's Incunabulum of Air
  4436 | D:3      | Noticed Grinder
  4443 | D:3      | Killed Grinder
  4444 | D:3      | Reached skill level 5 in Spellcasting
  4444 | D:3      | Reached skill level 7 in Earth Magic
  5126 | D:4      | Found an opulent altar of Gozag.
  5238 | D:4      | Found a hazy altar of Hepliaklqana.
  5252 | D:4      | Reached XP level 8. HP: 41/41 MP: 8/16
  5253 | D:4      | Became a worshipper of Hepliaklqana the Forgotten
  5406 | D:4      | Noticed Ijyb
  5410 | D:4      | Killed Ijyb
  5623 | D:4      | Found a shimmering blue altar of Sif Muna.
  5968 | D:5      | Entered Level 5 of the Dungeon
  6004 | D:5      | Found a broken altar of Ashenzari.
  6004 | D:5      | Found a glowing golden altar of the Shining One.
  6020 | D:5      | Reached skill level 8 in Earth Magic
  6268 | D:5      | Found a burning altar of Makhleb.
  6272 | D:5      | Reached skill level 5 in Conjurations
  6407 | D:5      | Found a sparkling altar of Nemelex Xobeh.
  6654 | D:5      | Reached * piety under Hepliaklqana
  6704 | D:5      | Reached skill level 9 in Earth Magic
  6704 | D:5      | Reached XP level 9. HP: 24/40 MP: 13/18
  8267 | D:6      | Killed an unseen horror
  8638 | D:7      | Found a shimmering altar of Xom.
  8638 | D:7      | Found a shimmering altar of Xom.
  8639 | D:7      | Found a shimmering altar of Xom.
  8640 | D:7      | Found a shimmering altar of Xom.
  8694 | D:7      | Reached skill level 10 in Earth Magic
  8804 | D:7      | Found a flagged portal.
  8820 | Bailey   | Entered a bailey
  9236 | Bailey   | Acquired the Catalogue of Bewitching Conjuration
  9247 | Bailey   | Learned a level 6 spell: Starburst
  9279 | Bailey   | Noticed an orc high priest
  9287 | Bailey   | Noticed a rust devil
  9290 | Bailey   | Noticed a smoke demon
  9291 | Bailey   | Killed an orc high priest
  9291 | Bailey   | Noticed an orc knight
  9292 | Bailey   | Reached XP level 10. HP: 45/45 MP: 5/22
  9301 | Bailey   | Killed an orc knight
  9890 | Bailey   | Noticed an orc knight
  9928 | Bailey   | Killed an orc knight
  9929 | Bailey   | Reached skill level 11 in Earth Magic
 10121 | Bailey   | Found an iron altar of Okawaru.
 10121 | Bailey   | Noticed an orc sorcerer
 10126 | Bailey   | Noticed a sun demon
 10223 | Bailey   | Killed an orc sorcerer
 10687 | D:7      | Found a staircase to the Ecumenical Temple.
 10690 | D:7      | Found a shadowy altar of Dithmenos.
 10928 | D:7      | Found a shimmering altar of Xom.
 10928 | D:7      | Found a shimmering altar of Xom.
 10932 | D:7      | Found a shimmering altar of Xom.
 11197 | D:8      | Reached ** piety under Hepliaklqana
 11199 | D:8      | Remembered your ancestor Paullus as a knight
 11704 | D:8      | Reached XP level 11. HP: 48/48 MP: 7/23
 12223 | D:9      | Found a staircase to the Lair.
 12257 | D:9      | Reached skill level 5 in Fire Magic
 12257 | D:9      | Reached skill level 12 in Earth Magic
 12653 | D:9      | Found Luenynap's Jewellery Emporium.
 12847 | D:9      | Noticed a two-headed ogre
 12848 | D:9      | Reached skill level 10 in Conjurations
 12852 | D:9      | Killed a two-headed ogre
 13117 | D:9      | Noticed a two-headed ogre
 13121 | D:9      | Killed a two-headed ogre
 13254 | D:10     | Entered Level 10 of the Dungeon
 13254 | D:10     | Noticed a two-headed ogre
 13257 | D:10     | Killed a two-headed ogre
 13258 | D:10     | Reached skill level 1 in Shields
 13258 | D:10     | Reached skill level 1 in Ice Magic
 13552 | D:10     | Noticed Nergalle
 13559 | D:10     | Killed Nergalle
 14008 | D:10     | Found a stormy altar of Qazlal.
 14052 | D:10     | Reached XP level 12. HP: 45/53 MP: 17/25
 14202 | D:10     | Reached *** piety under Hepliaklqana
 14315 | D:10     | Identified the ring "Jutti" {*Corrode rPois EV+4 Str+3
                  | SInv}
 14445 | D:10     | Reached skill level 13 in Earth Magic
 14839 | D:10     | Reached skill level 1 in Fighting
 14839 | D:10     | Reached skill level 1 in Armour
 14839 | D:10     | Reached skill level 10 in Spellcasting
 14885 | D:10     | Found a basalt altar of Yredelemnul.
 15170 | D:11     | Identified the +9 hand crossbow "Citacon" {venom, rPois
                  | Str+2 Int+6}
 15364 | D:11     | Noticed a boulder beetle
 15372 | D:11     | Killed a boulder beetle
 15373 | D:11     | Reached skill level 5 in Ice Magic
 16028 | D:12     | Noticed a boulder beetle
 16054 | D:12     | Killed a boulder beetle
 16097 | D:12     | Reached **** piety under Hepliaklqana
 16316 | D:12     | Found a staircase to the Orcish Mines.
 16384 | Orc:1    | Entered Level 1 of the Orcish Mines
 16384 | Orc:1    | You fall into a shaft and drop 1 floor!
 16384 | Orc:2    | Entered Level 2 of the Orcish Mines
 16394 | Orc:2    | Found Vuwueq's Antique Weapon Shop.
 16394 | Orc:2    | Noticed Donald
 16400 | Orc:2    | Noticed a soul eater
 16555 | Orc:2    | Found Ahiradgh's General Store.
 16583 | Orc:2    | Found Cyabo's Antique Armour Emporium.
 16585 | Orc:2    | Found Vidoesho's Jewellery Shoppe.
 16596 | Orc:2    | Found a staircase to the Elven Halls.
 16840 | Orc:1    | Paralysed by an orc sorcerer for 2 turns
 17203 | Orc:1    | Reached XP level 13. HP: 61/61 MP: 23/27
 17396 | Orc:2    | Learned a level 5 spell: Freezing Cloud
 17542 | Orc:2    | Killed Donald
 17824 | Orc:2    | Noticed Erolcha
 17832 | Orc:2    | Killed Erolcha
 17833 | Orc:2    | Found a radiant altar of Vehumet.
 17922 | Orc:2    | Found an ancient bone altar of Kikubaaqudgha.
 18011 | Orc:2    | Found Datet's Book Boutique.
 18139 | Orc:2    | Found Guriengi's Distillery.
 18144 | Orc:2    | Found Unoggo's Book Boutique.
 18596 | D:13     | Found Unye's Distillery.
 18634 | D:13     | Found Xoedghish's Armour Boutique.
 18652 | D:13     | Found a snail-covered altar of Cheibriados.
 18997 | D:13     | Found Huemafi's Weapon Shoppe.
 19049 | D:13     | Found Kear's Armour Boutique.
 19348 | D:14     | Reached ***** piety under Hepliaklqana
 19352 | D:14     | Found Foisukk's Book Emporium.
 19549 | D:14     | Reached skill level 14 in Earth Magic
 19633 | D:14     | Cast into level 2 of the Abyss (a wizard)
 19743 | Abyss:2  | Found a corrupted altar of Lugonu.
 19819 | Abyss:2  | Noticed a starcursed mass
 19844 | Abyss:2  | Killed a starcursed mass
 19920 | Abyss:2  | Noticed a tentacled starspawn
 19934 | Abyss:2  | Killed a tentacled starspawn
 19952 | Abyss:2  | Noticed an ironbound thunderhulk
 19978 | Abyss:2  | Noticed an ironbound thunderhulk
 19979 | Abyss:2  | Noticed an ironbound thunderhulk
 19983 | Abyss:2  | Noticed a balrug
 19983 | Abyss:2  | Noticed a cyan very ugly thing
 19983 | Abyss:2  | Noticed an ironbound thunderhulk
 19985 | Abyss:2  | Noticed a white very ugly thing
 19987 | Abyss:2  | Noticed an ironbound thunderhulk
 19987 | Abyss:2  | Noticed a cyan very ugly thing
 20060 | Abyss:2  | HP: 2/63 [spatial maelstrom (21)]
 20060 | Abyss:2  | Slain by a spatial maelstrom

Illustrated notes

Levels and vault maps discovered:
D:1:      minmay_arrival_solitary_statue, layout_basic, minmay_unequal
D:2:      minmay_roachtagon, layout_basic, basic_altar
D:3:      layout_loops_ring, gup_sewer_entry_pipe,
          shapermc_ecumenical_altar_rom_forum, uniq_grinder
D:4:      layout_cave_pools, mainiacjoe_overflow_six_doors_small,
          nicolae_sif_muna_little_library, lemuel_coloured_pillars_altar,
          uniq_ijyb
D:5:      layout_rooms, jmf_multi_god_temple, mainiacjoe_overflow_alcove_2,
          kennysheep_small_circle
D:6:      layout_loops_cross
D:7:      layout_gridville, xom_redecorated, mainiacjoe_overflow_alcove_4,
          temple_pool_b, enter_bailey_2, minmay_between
D:8:      layout_basic
D:9:      layout_roguey, lair_entry_dummy, serial_shops, shop, minivault_11,
          grunt_ogre_cave
D:10:     layout_long_grid, lemuel_mausoleum_altar_yredelemnul,
          nicolae_qazlal_general_emergency, minivault_8, uniq_nergalle
D:11:     layout_rooms
D:12:     layout_small_grid, orc_0_dummy, drop_trap
D:13:     layout_loops_cross, serial_shops, shop, shop, nicolae_shop_waterfront,
          nicolae_take_the_stairs, kennysheep_slug_shrine
D:14:     layout_stronghold, grunt_vaults_entry_tiered, serial_shops,
          nicolae_shop_statue_plus, portal_ice_cave_entry_pillars_1,
          minmay_misc_feat_pillars, tgw_lugonu_bribe
Orc:1:    layout_diamond_mine
Orc:2:    kennysheep_orc_mage_school, layout_diamond_mine, serial_shops,
          nicolae_shop_waterfront, shop, shop, uniq_donald
Abyss:2:  base: Orc:2, hangedman_decor_points, base: Orc:2, minivault_22

Skill      XL: |  1  2  3  4  5  6  7  8  9 10 11 12 13 |
---------------+----------------------------------------+-----
Earth Magic    | 4 5 6 7 9 10 11 12 13 14 | 14.0
Spellcasting   | 3 4 5 6 8 9 10 | 10.8
Conjurations   | 1 2 4 6 8 9 10 11 | 11.9
Fire Magic     | 2 4 6 7 8 |  8.3
Shields        | 2 4 |  4.0
Ice Magic      | 2 6 8 |  8.0
Fighting       | 3 4 |  4.9
Armour         | 3 4 |  4.9
Dodging        | 2 4 |  4.1
Stealth        | |  2.1
Transmutations | |  0.7

Action                   |  1- 3 |  4- 6 |  7- 9 | 10-12 | 13-15 || total
-------------------------+-------+-------+-------+-------+-------++-------
Melee: Unarmed           |     8 |   123 |       |       |       ||   131
       Staff             |       |    15 |    17 |       |       ||    32
       Flail             |       |       |    31 |    39 |       ||    70
       Punch             |       |       |     1 |     2 |       ||     3
       Hand crossbow     |       |       |       |       |     3 ||     3
 Cast: Sandblast         |    43 |    78 |    28 |    37 |     1 ||   187
       Stone Arrow       |       |    19 |   104 |   325 |   208 ||   656
       Freezing Cloud    |       |       |       |       |     2 ||     2
Invok: Ancestor Life: Kn |       |       |       |     1 |       ||     1
       Recall Ancestor   |       |       |       |     1 |     1 ||     2
Evoke: Wand              |       |       |       |     8 |       ||     8
  Use: Scroll            |     1 |     9 |     4 |     4 |     5 ||    23
       Potion            |       |     2 |       |     2 |       ||     4
 Stab: Sleeping          |       |       |     1 |       |       ||     1
Armor: Robe              |    15 |    83 |    64 |    49 |       ||   211
       Troll leather arm |       |       |       |    81 |    61 ||   142
Dodge: Dodged            |    19 |   101 |    37 |   108 |    48 ||   313
Block: Buckler           |       |       |       |    23 |    17 ||    40

Table legend: (Time is in decaauts)
 A = Elapsed time spent in this place.
 B = Non-inter-level travel time spent in this place.
 C = Inter-level travel time spent in this place.
 D = Time resting spent in this place.
 E = Time spent auto-exploring this place.
 F = Levels seen in this place.
 G = Mean time per level.
                   A        B        C        D        E       F      G
               +--------+--------+--------+--------+--------+-----+--------+
         Total |  20193 |  19425 |    768 |    216 |  15590 |  19 | 1062.8 |
       Dungeon |  14857 |  14264 |    593 |    184 |  12136 |  14 | 1061.2 |
  Orcish Mines |   1934 |   1759 |    175 |     32 |   1210 |   2 |  967.0 |
         Abyss |    420 |    420 |      0 |      0 |      0 |   1 |  420.0 |
         Sewer |   1129 |   1129 |      0 |      0 |    795 |   1 | 1129.0 |
        Bailey |   1852 |   1852 |      0 |      0 |   1447 |   1 | 1852.0 |
               +--------+--------+--------+--------+--------+-----+--------+

Top non-repeatable levels by time:
  Bailey: 1852 daAuts
    D:10: 1838 daAuts
     D:3: 1823 daAuts
     D:6: 1554 daAuts
   Orc:2: 1400 daAuts
     D:9: 1169 daAuts
   Sewer: 1129 daAuts
     D:5: 1114 daAuts
     D:2: 1042 daAuts
     D:1: 1039 daAuts
     D:4: 1030 daAuts
     D:8: 1014 daAuts
    D:13: 753 daAuts
    D:12: 749 daAuts
     D:7: 614 daAuts
